Map: Dédale EC

Players

HoldTheDoor

  • Race: Protoss Protoss
  • League: Diamond
  • Spawn Location: 1:00

GULLEBOY - Winner!

  • Race: Protoss Protoss
  • League: Platinum
  • Spawn Location: 7:00

VOD

Have the link to the VOD?

Description

Time

  • Played on: July 4, 2018, 12:56 p.m.
  • Length: 2:36
Show
View Real Time Build Order
Export as new Build Order

HoldTheDoor Protoss 

Build Orders:  

Get SALT Encoding   

  12  0:01  Probe  
  13  0:13  Probe  
  14  0:18  Pylon  
  14  0:25  Probe  
  15  0:36  Forge  
  15  0:38  Probe  
  16  0:46  Probe  
  16  0:54  Probe  
  17  1:01  Pylon  
  18  1:04  Probe  
  19  1:19  Assimilator  
  19  1:20  Probe  
  20  1:31  Photon Cannon  
  20  1:40  Gateway  
  20  1:51  Pylon  
  20  2:10  Photon Cannon  
  20  2:11  Pylon  
  20  2:13  Photon Cannon  
  20  2:15  Photon Cannon  
  20  2:33  Photon Cannon, Pylon  
Show
View Real Time Build Order
Export as new Build Order

GULLEBOY Protoss - Winner!

Build Orders:  

Get SALT Encoding   

  12  0:01  Probe  
  13  0:13  Probe  
  14  0:17  Pylon  
  14  0:25  Probe  
  15  0:37  Gateway  
  15  0:40  Probe  
  16  0:52  Probe  
  18  1:04  Probe  
  18  1:10  Forge  
  18  1:13  Pylon  
  18  1:16  Probe  
  18  1:18  Zealot  
  19  1:23  Assimilator  
  19  1:28  Probe  
  22  1:40  Probe  
  22  1:43  Photon Cannon  
  22  1:44  Zealot  
  25  1:52  Probe  
  26  1:57  Cybernetics Core  
  26  2:02  Zealot  
  24  2:14  Photon Cannon  
Tags
 
Matchup
PvP
Spawn Locations
Cross Positions
Add a new tag
Caveats
  • Supply blocks, unpowered buildings, or Contaminate may cause inaccurate times.
  • Supply counts are checked every 10 seconds.